 Dungeon Crawl Stone Soup version 0.31-a0-1008-g5b978dac0e (webtiles) character file.

Game seed: 2548378972364258629

3278 night the Skirmisher (level 10, 0/83 HPs)
             Began as a Formicid Hunter on Nov 12, 2023.
             Was an Initiate of Hepliaklqana.
             Slain by an orc warlord
             ... wielding a +6 broad axe
              (20 damage)
             ... in a bailey.
             The game lasted 00:17:03 (5675 turns).

night the Skirmisher (Formicid Hunter)              Turns: 5675, Time: 00:17:03

Health: 0/83       AC:  7    Str: 15    XL:     10   Next: 20%
Magic:  10/10      EV: 12    Int:  8    God:    Hepliaklqana [......]
Gold:   339        SH:  0    Dex: 22    Spells: 9/9 levels left

rFire   . . .        a - +0 shortbow
rCold   . . .        (no shield)
rNeg    + + .        g - +2 robe {rN+}
rPois   +            (helmet unavailable)
rElec   .            n - +2 ratskin cloak {*Rats rPois rN+ Str-1 Int-1 Dex+1}
rCorr   .            (no gloves)
SInv    +            (no boots)
Will    +....        i - amulet of regeneration
Stlth   ++           h - ring of wizardry
HPRegen 1.13/turn    (no ring)
MPRegen 0.12/turn

%: wizardry (x1)
@: no status effects
A: permanent stasis, dig shafts and tunnels, antennae 3, four strong arms
a: Dig, Renounce Religion


You were in a bailey.
You worshipped Hepliaklqana.
Hepliaklqana was noncommittal.
You visited 2 branches of the dungeon, and saw 8 of its levels.
You also visited: Ossuary and Bailey.

You collected 339 gold pieces.

Inventory:

Hand Weapons
 a - a +0 shortbow (weapon)
Missiles
 e - 54 stones
 l - 11 poisoned darts
 m - 2 atropa-tipped darts
 v - 5 boomerangs
 y - a curare-tipped dart
Armour
 c - a +0 leather armour
 g - a +2 robe of positive energy (worn)
 n - the +2 ratskin cloak (worn) {*Rats rPois rN+ Str-1 Int-1 Dex+1}
   (You found it on level 4 of the Dungeon)

   *Rats:     When the wearer is hurt, rats may emerge from it to assist them.
   Str-1:     It affects your strength (-1).
   Int-1:     It affects your intelligence (-1).
   Dex+1:     It affects your dexterity (+1).
   rPois:     It protects you from poison rN+: It protects you from negative
   energy.
Jewellery
 h - a ring of wizardry (left hand)
 i - an amulet of regeneration (around neck)
 k - a ring of ice
 r - an amulet of the acrobat
Wands
 x - a wand of roots (5)
Scrolls
 b - a scroll of butterflies
 o - a scroll of fear
 q - a scroll of amnesia
Potions
 d - 3 potions of might
 f - 4 potions of curing
 j - 6 potions of lignification
 p - 4 potions of mutation
 s - 2 potions of experience {unknown}
 t - 2 potions of heal wounds {unknown}
 u - a potion of degeneration {unknown}
 z - a potion of resistance {unknown}


   Skills:
 + Level 9.0 Fighting
 * Level 11.9 Ranged Weapons
 - Level 1.7 Dodging
 - Level 1.2 Stealth


You had 9 spell levels left.
You didn't know any spells.
Your spell library contained the following spells:

 Spells                   Type           Power      Damage    Failure   Level
 Slow                     Hex            0%         N/A       17%         1
 Ensorcelled Hibernation  Hex/Ice        0%         N/A       26%         2
 Jinxbite                 Hex            0%         N/A       26%         2
 Confusing Touch          Hex            0%         N/A       45%         3
 Sigil of Binding         Hex            0%         N/A       45%         3
 Vampiric Draining        Necr           0%         2d6       45%         3
 Anguish                  Hex/Necr       0%         N/A       83%         4


Dungeon Overview and Level Annotations

Branches:
Dungeon (7/15)             Temple (1/1) D:6         Ossuary (visited)
 Bailey (1/1)

Altars:
Ashenzari
Cheibriados
Dithmenos
Elyvilon
Fedhas
Gozag
Hepliaklqana
Kikubaaqudgha
Makhleb
Nemelex Xobeh
Okawaru
Qazlal
Ru
Sif Muna
Uskayaw
Wu Jian
Xom
Yredelemnul
Zin
The Shining One

Annotations:
D:5 1 runed translucent door, Crazy Yiuf


Innate Abilities, Weirdness & Mutations

You cannot be hasted, slowed, berserked, paralysed or teleported.
You can dig through walls and to a lower floor.
You have a pair of large antennae on your head. (SInv)
Your four strong arms can wield two-handed weapons with a shield.


Message History

The river rat attacks as it pursues you!
The river rat closely misses you.
Things that are here:
a +0 war axe; a +0 scale mail You shoot an arrow.
The arrow closely misses the river rat.
The arrow closely misses the orc warlord.
The arrow hits the orc warrior!
The orc warrior is moderately wounded.
You shoot an arrow. The arrow closely misses the river rat.
The arrow hits the orc warlord but does no damage.
The orc warlord is heavily wounded.
The river rat closely misses you.
You shoot an arrow.
The arrow hits the river rat but does no damage.
The river rat is moderately wounded.
The river rat closely misses you.
You shoot an arrow. The arrow hits the river rat.
The river rat is heavily wounded.
The river rat barely misses you.
You shoot an arrow. The arrow hits the river rat!
You kill the river rat!
Aiming: Fastroot
Press: ? - help, Shift-Dir - straight line The roots erupt in riotous growth!
Roots grab the orc warlord.
Roots grab the orc warrior.
The grasping roots constrict the orc warlord.
The grasping roots constrict the orc warrior.
The orc warlord hits you with a +6 broad axe!!
The orc warrior escapes!
The grasping roots constrict the orc warlord, but do no damage.
The roots release their grip on the orc warlord.
Items here: ))) [[[ †.
The orc warlord attacks as it pursues you!
The orc warlord misses you.
The orc warrior attacks as it pursues you!
The orc warrior hits you with a +0 war axe!!
* * * LOW HITPOINT WARNING * * *
The orc warlord attacks as it pursues you!
The orc warlord hits you with a +6 broad axe!!
You die...

### ### ###.### ###.###
###.....### ###.....###
##.........###.........##
#...........#...........#
#..)..).))).')..........#
#.)..o⌠....)#)....⌠.....#
#...........#...........#
#..@o.......#.......)...#
###.).......###....(.)..##
♣♣ ###.#)#.....###
###.....#'#,
.♣♣###.....###.###
###.###...
..##.........###{ { ### ..
..#...........#
..'...........#
..'.)...⌠.....#
..'...........#


You could see an orc warlord and an orc warrior (strong).

Vanquished Creatures
  Prince Ribbit (D:6)
  Sigmund (D:2)
  A water moccasin (D:7)
  4 orc warriors (Bailey)
  An ice beast (D:6)
  2 black bears (D:6)
  An ogre (D:4)
  A phantom (D:5)
  An elf zombie (Ossuary)
  A kobold brigand (D:7)
  5 scorpions
  A bullfrog (D:7)
  A centaur zombie (Ossuary)
  2 human zombies (Ossuary)
  5 hounds
  3 jellies
  2 sleepcaps (D:5)
  3 iguanas (D:5)
  Ijyb (D:4)
  Natasha (thrice) (D:2)
  An orc wizard (D:7)
  2 mummies (Ossuary)
  Robin (D:2)
  11 gnolls
  6 adders
  A shadow imp (D:7)
  2 ufetubi (D:6)
  2 adder zombies (Ossuary)
  3 dart slugs
  4 orcs
  3 bats
  9 endoplasms
  3 giant cockroaches
  22 goblins
  11 hobgoblins
  A jackal (D:1)
  4 kobolds
  5 quokkas
  7 ball pythons
  3 frilled lizards
  10 hobgoblin zombies (Ossuary)
  3 jackal zombies (Ossuary)
  8 kobold zombies (Ossuary)
  7 orc zombies (Ossuary)
  8 rats
  4 rat zombies
181 creatures vanquished.

Vanquished Creatures (collateral kills)
  Pikel (D:7)
  An orc warrior (Bailey)
  A lemure (D:7)
  2 adders (D:5)
  A gnoll (Bailey)
  An orc (Bailey)
  A hobgoblin (Bailey)
  A hobgoblin zombie (Ossuary)
9 creatures vanquished.

Vanquished Creatures (others)
  A gnoll (D:5)
1 creature vanquished.

Grand Total: 191 creatures vanquished

Notes
Turn   | Place    | Note
-------+----------+-------------------------------------------
     0 | D:1      | night the Formicid Hunter began the quest for the Orb.
     0 | D:1      | Reached XP level 1. HP: 16/16 MP: 1/1
   102 | D:1      | Reached XP level 2. HP: 10/23 MP: 2/2
   604 | D:1      | Reached XP level 3. HP: 28/28 MP: 3/3
  1199 | D:2      | Noticed Natasha
  1204 | D:2      | Killed Natasha
  1205 | D:2      | Reached XP level 4. HP: 35/35 MP: 4/4
  1225 | D:2      | Noticed Natasha
  1238 | D:2      | Killed Natasha
  1239 | D:2      | Reached skill level 5 in Ranged Weapons
  1279 | D:2      | Found a white marble altar of Elyvilon.
  1300 | D:2      | Noticed Sigmund
  1300 | D:2      | Noticed Natasha
  1330 | D:2      | Killed Sigmund
  1331 | D:2      | Reached skill level 6 in Ranged Weapons
  1331 | D:2      | Reached XP level 5. HP: 39/42 MP: 5/5
  1331 | D:2      | Reached XP level 6. HP: 44/48 MP: 6/6
  1344 | D:2      | Killed Natasha
  1519 | D:2      | Noticed Robin
  1541 | D:2      | HP: 6/49 [hobgoblin[Robin] (5)]
  1552 | D:2      | Killed Robin
  2050 | D:3      | Found a hide-covered altar of Uskayaw.
  2127 | D:3      | Found a blossoming altar of Fedhas.
  2142 | D:3      | Found a glowing golden altar of the Shining One.
  2345 | D:3      | Found a faded altar of an unknown god.
  2445 | D:4      | Found the +2 ratskin cloak {*Rats rPois rN+ Str-1 Int-1
                  | Dex+1}
  2484 | D:4      | Reached XP level 7. HP: 55/55 MP: 7/7
  2520 | D:4      | Found a sand-covered staircase.
  2528 | Ossuary  | Entered an ossuary
  2700 | Ossuary  | Reached skill level 7 in Ranged Weapons
  2780 | Ossuary  | Reached skill level 5 in Fighting
  3094 | D:4      | Noticed Ijyb
  3121 | D:4      | Killed Ijyb
  3122 | D:4      | Reached XP level 8. HP: 63/63 MP: 8/8
  3205 | D:4      | Reached skill level 8 in Ranged Weapons
  3596 | D:5      | Entered Level 5 of the Dungeon
  3696 | D:5      | Found a snail-covered altar of Cheibriados.
  3893 | D:5      | Found a burning altar of Makhleb.
  4000 | D:5      | Reached skill level 9 in Ranged Weapons
  4088 | D:5      | Found a runed translucent door.
  4089 | D:5      | Noticed Crazy Yiuf
  4439 | D:6      | Reached XP level 9. HP: 71/71 MP: 9/9
  4509 | D:6      | Noticed Prince Ribbit
  4515 | D:6      | Killed Prince Ribbit
  4516 | D:6      | Reached skill level 10 in Ranged Weapons
  4560 | D:6      | Found an opulent altar of Gozag.
  4560 | D:6      | Found a shadowy altar of Dithmenos.
  4667 | D:6      | Found a staircase to the Ecumenical Temple.
  4676 | Temple   | Entered the Ecumenical Temple
  4686 | Temple   | Became a worshipper of Hepliaklqana the Forgotten
  5045 | D:7      | Noticed Pikel
  5050 | D:7      | Killed Pikel
  5141 | D:7      | Reached skill level 11 in Ranged Weapons
  5369 | D:7      | Found a flagged portal.
  5383 | Bailey   | Entered a bailey
  5410 | Bailey   | Reached XP level 10. HP: 53/82 MP: 10/10
  5647 | Bailey   | Noticed an orc warlord
  5675 | Bailey   | Slain by an orc warlord

Illustrated notes

Levels and vault maps discovered:
D:1:      shiori_arrival_maze, layout_basic, minmay_crystal_water,
          minmay_misc_feat_diagonals, minmay_misc_feat_encased,
          minmay_tiny_reverse_x
D:2:      layout_rooms, basic_altar, chequers_garden, uniq_robin, uniq_natasha,
          uniq_sigmund
D:3:      layout_basic, fedhas_altar_2, nicolae_overflow_crystal_walls,
          tso_altar, dreamdust_ecumenical_altar_angels_and_demons,
          serial_bayou_lagoon_a, minmay_circle_x
D:4:      layout_loops_ring, enter_ossuary_4, uniq_ijyb
D:5:      layout_basic, kennysheep_slug_shrine, kennysheep_mini, minivault_23,
          uniq_crazy_yiuf_cottage
D:6:      layout_cave_pools, gammafunk_temple_overflow_pools,
          minmay_temple_entry_tees, uniq_prince_ribbit1
D:7:      layout_basic, enter_bailey_3, uniq_pikel
Temple:   hellmonk_temple_forest_ring
Bailey:   bailey_axe_minmay_hex_keep, bailey

Skill      XL: |  1  2  3  4  5  6  7  8  9 10 |
---------------+-------------------------------+-----
Fighting       | 3 4 5 6 8 9 |  9.0
Ranged Weapons | 6 7 9 11 | 11.9
Dodging        | |  1.7
Stealth        | |  1.2

Action                     |  1- 3 |  4- 6 |  7- 9 | 10-12 || total
---------------------------+-------+-------+-------+-------++-------
  Melee: Shortbow          |       |       |     2 |       ||     2
   Fire: Shortbow          |    63 |   165 |   474 |    82 ||   784
  Throw: Dart              |       |       |       |     2 ||     2
Ability: Dig               |       |       |       |     1 ||     1
  Evoke: Wand              |       |       |     4 |     2 ||     6
    Use: Scroll            |       |     3 |     5 |     1 ||     9
         Potion            |       |     2 |       |       ||     2
 Armour: Leather armour    |    12 |       |       |       ||    12
         Robe              |       |    69 |   121 |    21 ||   211
  Dodge: Dodged            |    13 |    79 |    96 |    22 ||   210

Table legend: (Time is in decaauts)
 A = Elapsed time spent in this place.
 B = Non-inter-level travel time spent in this place.
 C = Inter-level travel time spent in this place.
 D = Time resting spent in this place.
 E = Time spent auto-exploring this place.
 F = Levels seen in this place.
 G = Mean time per level.
                   A        B        C        D        E       F      G
               +--------+--------+--------+--------+--------+-----+--------+
         Total |   5694 |   5516 |    178 |    122 |   3667 |  10 |  569.4 |
       Dungeon |   5013 |   4852 |    161 |     88 |   3632 |   7 |  716.1 |
        Temple |     19 |      2 |     17 |      0 |      0 |   1 |   19.0 |
       Ossuary |    386 |    386 |      0 |      0 |     31 |   1 |  386.0 |
        Bailey |    275 |    275 |      0 |     34 |      4 |   1 |  275.0 |
               +--------+--------+--------+--------+--------+-----+--------+

Top non-repeatable levels by time:
     D:1: 1150 daAuts
     D:4: 785 daAuts
     D:5: 734 daAuts
     D:2: 714 daAuts
     D:3: 613 daAuts
     D:6: 529 daAuts
     D:7: 485 daAuts
 Ossuary: 386 daAuts
  Bailey: 275 daAuts
  Temple: 19 daAuts
